 Dungeon Crawl Stone Soup version 0.28-a0-1206-g193881aaa2 (webtiles) character file.

Game seed: 1756253650432164694

7074 kipponium the Magician (level 11, -8/84 HPs)
             Began as a Gnoll Warper on Dec 20, 2021.
             Was a Follower of Ignis.
             Mangled by a white ugly thing (23 damage)
             ... on level 10 of the Dungeon.
             The game lasted 00:50:34 (13708 turns).

kipponium the Magician (Gnoll Warper)              Turns: 13708, Time: 00:50:34

Health: -8/84      AC: 11    Str: 11    XL:     11   Next: 9%
Magic:  29/31      EV: 15    Int: 16    God:    Ignis [*.....]
Gold:   203        SH: 11    Dex: 16    Spells: 14/25 levels left

rFire   + + .      SeeInvis .   x - +6 spear (vorpal)
rCold   . . .      Faith    .   m - +0 buckler
rNeg    . . .      Spirit   .   h - +0 troll leather armour
rPois   .          Reflect  +   (no helmet)
rElec   .          Harm     .   y - +2 cloak
rCorr   .          Rampage  .   T - +2 pair of gloves
Will    .....                   (no boots)
Stlth   +++.......              k - amulet of reflection
HPRegen 1.04/turn               B - ring of Crawling {MP+9 Dex+4}
MPRegen 0.22/turn               a - ring of protection from fire

@: weak-willed, on blink cooldown
A: fangs 1, strong nose, distributed training
a: Renounce Religion, Fiery Armour, Foxfire Swarm, Rising Flame


You were on level 10 of the Dungeon.
You worshipped Ignis.
Ignis was aware of your devotion.
You visited 2 branches of the dungeon, and saw 11 of its levels.

You collected 543 gold pieces.
You spent 340 gold pieces at shops.

Inventory:

Hand Weapons
 l - a +0 hand axe of freezing
 w - a +2 dagger of electrocution
 x - a +6 vorpal spear (weapon)
 J - a +4 flail of protection
Missiles
 d - 3 boomerangs of dispersal
 j - 3 atropa-tipped darts
 s - a throwing net
 C - 47 poisoned darts (quivered)
 S - 5 javelins
Armour
 b - +0 steam dragon scales
 h - a +0 troll leather armour (worn)
 m - a +0 buckler (worn)
 y - a +2 cloak (worn)
 z - a +0 robe of willpower
 T - a +2 pair of gloves (worn)
Jewellery
 a - a ring of protection from fire (right hand)
 k - an amulet of reflection (around neck)
 B - the ring of Crawling (left hand) {MP+9 Dex+4}
   (You found it on level 5 of the Dungeon)

   [ring of magical power]

   Dex:       It affects your dexterity (+4).
   MP:        It affects your magic capacity (+9).
 H - an amulet of guardian spirit
 M - a ring of fire
Wands
 r - a wand of digging (5)
 v - a wand of iceblast (18)
 F - a wand of polymorph (12)
 L - a wand of mindburst (4)
 O - a wand of paralysis (6)
Scrolls
 c - 2 scrolls of blinking
 f - 2 scrolls of fear {unknown}
 n - 2 scrolls of acquirement {unknown}
 o - a scroll of magic mapping {unknown}
 p - a scroll of immolation {unknown}
 q - 2 scrolls of vulnerability
 A - a scroll of silence {unknown}
 K - a scroll of brand weapon {unknown}
 N - 2 scrolls of teleportation {unknown}
 P - a scroll of fog
Potions
 e - 3 potions of flight
 g - a potion of magic
 i - 2 potions of heal wounds
 t - 2 potions of berserk rage
 D - 2 potions of mutation
 E - a potion of might
 G - 2 potions of curing
 I - a potion of attraction {unknown}
 Q - a potion of cancellation
 R - a potion of degeneration {unknown}


   Skills:
 + Level 7.6 Fighting
 + Level 5.9 Short Blades
 + Level 5.9 Long Blades
 + Level 5.9 Axes
 + Level 5.9 Maces & Flails
 + Level 7.6 Polearms
 + Level 5.9 Staves
 + Level 5.9 Slings
 + Level 5.9 Bows
 + Level 5.9 Crossbows
 + Level 6.5 Throwing
 + Level 6.5 Armour
 + Level 7.6 Dodging
 + Level 5.9 Stealth
 + Level 5.9 Shields
 + Level 5.9 Unarmed Combat
 + Level 7.9 Spellcasting
 + Level 4.9 Conjurations
 + Level 4.9 Hexes
 + Level 4.9 Summonings
 + Level 4.9 Necromancy
 + Level 7.4 Translocations
 + Level 4.9 Transmutations
 + Level 4.9 Fire Magic
 + Level 4.9 Ice Magic
 + Level 4.9 Air Magic
 + Level 4.9 Earth Magic
 + Level 4.9 Poison Magic
 + Level 6.5 Invocations
 + Level 5.9 Evocations


You had 14 spell levels left.
You knew the following spells:

 Your Spells              Type           Power      Damage    Failure   Level
a - Blink                 Tloc           60%        N/A       1%          2
b - Gell's Gravitas       Tloc           30%        N/A       1%          3
c - Portal Projectile     Hex/Tloc       52%        N/A       3%          3
d - Confusing Touch       Hex            22%        N/A       5%          3

Your spell library contained the following spells:

 Spells                   Type           Power      Damage    Failure   Level
 Lesser Beckoning         Tloc           30%        N/A       1%          3
 Teleport Other           Tloc           30%        N/A       1%          3
 Leda's Liquefaction      Hex/Erth       11%        N/A       19%         4
 Manifold Assault         Tloc           30%        N/A       19%         5


Dungeon Overview and Level Annotations

Branches:
Dungeon (10/15)            Temple (1/1) D:7            Lair (0/6) D:9
    Orc (0/2) D:10

Altars:
Cheibriados
Dithmenos
Elyvilon
Fedhas
Gozag
Kikubaaqudgha
Makhleb
Okawaru
Sif Muna
Uskayaw
Vehumet
Yredelemnul
Zin
Ignis

Shops:
D:2 !   D:6 [

Annotations:
D:6 1 runed translucent door, Crazy Yiuf


Innate Abilities, Weirdness & Mutations

You have very sharp teeth.
Your uncanny sense of smell can sniff out nearby items.
Your experience applies equally to all skills.


Message History

The white ugly thing is lightly wounded.
The foxfire hits the white ugly thing.
The white ugly thing is lightly wounded.
The foxfire hits the red ugly thing.
The red ugly thing resists.
The red ugly thing is lightly wounded.
The foxfire hits the red ugly thing.
The red ugly thing resists.
The red ugly thing is lightly wounded.
The foxfire hits the red ugly thing.
The red ugly thing resists.
The red ugly thing is lightly wounded.
The foxfire hits the red ugly thing but does no damage.
The red ugly thing is lightly wounded.
The foxfire hits the white ugly thing.
The white ugly thing is lightly wounded.
The foxfire hits the red ugly thing but does no damage.
The red ugly thing is lightly wounded.
The foxfire hits the red ugly thing.
The red ugly thing resists.
The red ugly thing is lightly wounded.
The foxfire hits the white ugly thing.
The white ugly thing is lightly wounded.
The foxfire hits the white ugly thing.
The white ugly thing is lightly wounded.
The foxfire hits the white ugly thing.
The white ugly thing is lightly wounded.
The foxfire hits the red ugly thing.
The red ugly thing completely resists.
The red ugly thing is lightly wounded.
The foxfire hits the white ugly thing but does no damage.
The white ugly thing is lightly wounded.
The foxfire hits the red ugly thing.
The red ugly thing resists.
The red ugly thing is lightly wounded.
The foxfire hits the white ugly thing.
The white ugly thing is moderately wounded.
The foxfire hits the white ugly thing but does no damage.
The white ugly thing is lightly wounded.
The red ugly thing basks in the mutagenic energy from its kin and changes!
As you read the scroll labelled DEOGOCK PARURI, it crumbles to dust.
Magic quickly surges around you.
It was a scroll of vulnerability.
The white ugly thing stings you!
* * * LOW HITPOINT WARNING * * *
The white ugly thing freezes you!!
You die...

..............# #............
..............# #......######
..............# #......# #
..###.........# #......# #
..#.#######+#.# #.....## #
..#.........#.#######.....#
..').)......#...>.........#
..#)))......#.......#######
..#....(....#...@....#....#.
..#.........#..§uu...#.#.#.#
..###########.§.u....'....#.
..............§.u.u..'.!#.§§
..............§.§....'...!#.
..............§§.....#.#.#.#
..............§§§§§..#.!..#.
....................#############
.................................


You could see 5 ugly things.

Vanquished Creatures
  Maggie (D:7)
  2 trolls
  Prince Ribbit (D:7)
  Grinder (D:3)
  A shadow (D:9)
  Eustachio (D:5)
  Sigmund (D:6)
  A wyvern (D:8)
  6 yaks (D:10)
  3 vampire mosquitoes (D:7)
  2 steam dragons
  Menkaure (D:7)
  Edmund (D:6)
  An acid dragon (D:10)
  2 orc warriors
  A necrophage (D:4)
  4 centaurs
  2 ogres (D:4)
  A phantom (D:5)
  A kobold brigand (D:10)
  3 bullfrogs
  A gnoll sergeant (D:5)
  A scorpion (D:5)
  A water moccasin skeleton (D:5)
  3 wights (D:8)
  23 killer bees
  7 howler monkeys
  2 bullfrog zombies
  2 centaur zombies
  2 hounds
  A jelly (D:6)
  An orc priest (D:6)
  A gnoll shaman (D:6)
  3 iguanas
  A scorpion zombie (D:5)
  4 orc wizards
  A hound skeleton (D:5)
  3 howler monkey zombies
  15 adders
  12 gnolls
  3 shadow imps
  An ufetubus (D:6)
  2 adder skeletons (D:4)
  2 worms
  19 orcs
  9 endoplasms
  3 giant cockroaches
  4 goblins (D:2)
  9 hobgoblins
  7 jackals
  7 quokkas
  7 ball pythons
  8 bats
  6 frilled lizards
  13 kobolds
  5 rats
226 creatures vanquished.

Vanquished Creatures (others)
  91 foxfires
  A fungus (D:6)
92 creatures vanquished.

Grand Total: 318 creatures vanquished

Notes
Turn   | Place    | Note
-------+----------+-------------------------------------------
     0 | D:1      | kipponium the Gnoll Warper began the quest for the Orb.
     0 | D:1      | Reached XP level 1. HP: 20/20 MP: 6/6
     2 | D:1      | Noticed a demigod
     2 | D:1      | Noticed an elf
     4 | D:1      | Noticed a spriggan
     6 | D:1      | Noticed a naga
     8 | D:1      | Noticed a minotaur
     8 | D:1      | Noticed a formicid
    10 | D:1      | Noticed a demonspawn
    12 | D:1      | Noticed a vine stalker
    12 | D:1      | Noticed a tengu
    14 | D:1      | Noticed a dwarf
    16 | D:1      | Noticed an octopode
    16 | D:1      | Noticed a draconian
    18 | D:1      | Noticed a human
    18 | D:1      | Noticed a vampire
    20 | D:1      | Noticed a merfolk
    20 | D:1      | Noticed a ghoul
    22 | D:1      | Noticed a gargoyle
    24 | D:1      | Noticed a troll
    24 | D:1      | Noticed a felid
    26 | D:1      | Noticed an ogre
    60 | D:1      | Reached XP level 2. HP: 25/26 MP: 7/7
   147 | D:1      | Found a faded altar of an unknown god.
   245 | D:1      | Prayed at the altar of an unknown god.
   245 | D:1      | Became a worshipper of Ignis, the Dying Flame
   632 | D:1      | Reached XP level 3. HP: 31/31 MP: 9/9
   678 | D:1      | Reached skill level 5 in Spellcasting
  1323 | D:2      | Reached skill level 1 in Invocations
  1594 | D:2      | Learned a level 2 spell: Blink
  1598 | D:2      | Learned a level 3 spell: Gell's Gravitas
  1717 | D:2      | Found an ancient bone altar of Kikubaaqudgha.
  1740 | D:2      | Reached skill level 1 in Short Blades
  1740 | D:2      | Reached skill level 1 in Long Blades
  1740 | D:2      | Reached skill level 1 in Axes
  1740 | D:2      | Reached skill level 1 in Maces & Flails
  1740 | D:2      | Reached skill level 1 in Staves
  1740 | D:2      | Reached skill level 1 in Slings
  1740 | D:2      | Reached skill level 1 in Bows
  1740 | D:2      | Reached skill level 1 in Crossbows
  1740 | D:2      | Reached skill level 1 in Stealth
  1740 | D:2      | Reached skill level 1 in Shields
  1740 | D:2      | Reached skill level 1 in Unarmed Combat
  1740 | D:2      | Reached skill level 1 in Evocations
  1740 | D:2      | Reached XP level 4. HP: 34/38 MP: 11/11
  2030 | D:2      | Reached skill level 1 in Conjurations
  2030 | D:2      | Reached skill level 1 in Hexes
  2030 | D:2      | Reached skill level 1 in Summonings
  2030 | D:2      | Reached skill level 1 in Necromancy
  2030 | D:2      | Reached skill level 1 in Transmutations
  2030 | D:2      | Reached skill level 1 in Fire Magic
  2030 | D:2      | Reached skill level 1 in Ice Magic
  2030 | D:2      | Reached skill level 1 in Air Magic
  2030 | D:2      | Reached skill level 1 in Earth Magic
  2030 | D:2      | Reached skill level 1 in Poison Magic
  2395 | D:2      | Found Iczuter's Distillery.
  2532 | D:3      | Found a radiant altar of Vehumet.
  2548 | D:3      | Reached XP level 5. HP: 41/43 MP: 12/12
  2646 | D:3      | Noticed Grinder
  2653 | D:3      | Killed Grinder
  2654 | D:3      | Reached skill level 5 in Fighting
  2654 | D:3      | Reached skill level 5 in Polearms
  2654 | D:3      | Reached skill level 5 in Dodging
  2654 | D:3      | Reached XP level 6. HP: 51/51 MP: 14/14
  2741 | D:3      | Found a burning altar of Makhleb.
  3853 | D:4      | Reached XP level 7. HP: 56/56 MP: 15/15
  4888 | D:4      | Found a shadowy altar of Dithmenos.
  5081 | D:5      | Entered Level 5 of the Dungeon
  5159 | D:5      | Reached XP level 8. HP: 60/63 MP: 16/16
  5321 | D:5      | Identified the ring of Crawling {MP+9 Dex+4}
  5487 | D:5      | Found a blossoming altar of Fedhas.
  5984 | D:5      | Noticed Eustachio
  6024 | D:5      | Killed Eustachio
  7277 | D:2      | Bought a potion of mutation for 112 gold pieces
  7528 | D:6      | Got Sif Muna's Reference Book on Beguiling
  7549 | D:6      | Learned a level 3 spell: Portal Projectile
  7592 | D:6      | Noticed Sigmund
  7603 | D:6      | Noticed Edmund
  7606 | D:6      | Killed Sigmund
  7607 | D:6      | Reached XP level 9. HP: 59/69 MP: 18/18
  7639 | D:6      | Killed Edmund
  7868 | D:6      | Found a shimmering blue altar of Sif Muna.
  7949 | D:6      | Found Ytrompuq's Antique Armour Emporium.
  8512 | D:6      | Found a runed translucent door.
  8513 | D:6      | Noticed Crazy Yiuf
  8558 | D:7      | Found a hide-covered altar of Uskayaw.
  8854 | D:7      | Noticed a troll
  8874 | D:6      | Reached skill level 5 in Throwing
  8874 | D:6      | Reached skill level 5 in Armour
  9182 | D:7      | Noticed Menkaure
  9182 | D:7      | Noticed Maggie
  9275 | D:7      | Found a staircase to the Ecumenical Temple.
  9303 | Temple   | Entered the Ecumenical Temple
  9580 | D:7      | Killed Maggie
  9745 | D:7      | Killed a troll
  9746 | D:7      | Reached skill level 5 in Invocations
 10114 | D:7      | Killed Menkaure
 10164 | D:7      | Reached XP level 10. HP: 44/77 MP: 8/20
 10268 | D:7      | Learned a level 3 spell: Confusing Touch
 10386 | D:7      | Found an ancient bone altar of Kikubaaqudgha.
 10446 | D:7      | Noticed Prince Ribbit
 10468 | D:7      | Killed Prince Ribbit
 10469 | D:7      | Reached skill level 5 in Short Blades
 10469 | D:7      | Reached skill level 5 in Long Blades
 10469 | D:7      | Reached skill level 5 in Axes
 10469 | D:7      | Reached skill level 5 in Maces & Flails
 10469 | D:7      | Reached skill level 5 in Staves
 10469 | D:7      | Reached skill level 5 in Slings
 10469 | D:7      | Reached skill level 5 in Bows
 10469 | D:7      | Reached skill level 5 in Crossbows
 10469 | D:7      | Reached skill level 5 in Stealth
 10469 | D:7      | Reached skill level 5 in Shields
 10469 | D:7      | Reached skill level 5 in Unarmed Combat
 10469 | D:7      | Reached skill level 5 in Evocations
 10678 | D:6      | Bought an ancient chain mail for 228 gold pieces
 10678 | D:6      | Identified the +6 chain mail of Space {Str-5 Dex+6} (You
                  | bought it in a shop on level 6 of the Dungeon)
 10948 | D:8      | Found a white marble altar of Elyvilon.
 12199 | D:9      | Found a staircase to the Lair.
 12218 | D:9      | Found an iron altar of Okawaru.
 12455 | D:9      | Found a snail-covered altar of Cheibriados.
 12473 | D:9      | Found an opulent altar of Gozag.
 12502 | D:9      | Found a basalt altar of Yredelemnul.
 12725 | D:10     | Entered Level 10 of the Dungeon
 12860 | D:10     | Reached XP level 11. HP: 72/84 MP: 1/22
 13080 | D:10     | Found a runed translucent gate.
 13080 | D:10     | Found a runed translucent gate.
 13080 | D:10     | Found a runed translucent gate.
 13337 | D:10     | Found a staircase to the Orcish Mines.
 13362 | D:10     | Noticed a brown ugly thing
 13362 | D:10     | Noticed a brown ugly thing
 13362 | D:10     | Noticed a white ugly thing
 13363 | D:10     | Noticed a green ugly thing
 13363 | D:10     | Noticed a purple ugly thing
 13548 | D:10     | Found a glowing silver altar of Zin.
 13708 | D:10     | Mangled by a white ugly thing

Illustrated notes

Levels and vault maps discovered:
D:1:      kb_arrival_jail, layout_basic, ebering_ecumenical_altar_webs
D:2:      layout_basic, serial_bayou, serial_bayou_pond_b,
          serial_bayou_lagoon_a, serial_bayou_crossing, serial_bayou_pond_e,
          serial_shops, nicolae_shop_behind_doors, basic_altar,
          serial_park_tiny_pond
D:3:      layout_basic, bloody_makhleb,
          mainiacjoe_overflow_concentric_impassable, uniq_grinder
D:4:      layout_basic, lemuel_coloured_pillars_altar
D:5:      layout_layer_cave, lemuel_doored_altar, uniq_eustachio
D:6:      layout_layer_cave, nicolae_sif_muna_little_library,
          minmay_misc_feat_pillars, nicolae_stop_n_shop_2, uniq_sigmund,
          uniq_edmund, uniq_crazy_yiuf_cottage
D:7:      layout_rooms, amcnicky_altar_gilded, mainiacjoe_overflow_alcove_2,
          minmay_temple_entry_wispy, uniq_maggie, uniq_menkaure,
          uniq_prince_ribbit1
D:8:      layout_gridville, elyvilon_altar_3
D:9:      layout_loops_cross, general_overflow_altar, okawaru_ov_weapons_minmay,
          kennysheep_mini, yredelemnul_altar_generic, lair_entry_dummy
D:10:     layout_irregular_city, lemuel_tele_altar, orc_0_dummy,
          ploomutoo_gammafunk_ghost_potion_laboratory
Temple:   nicolae_temple_figure_zero

Skill      XL: |  1  2  3  4  5  6  7  8  9 10 |
---------------+-------------------------------+-----
Spellcasting   | 5 6 7 |  7.9
Invocations    | 1 2 3 4 5 6 |  6.5
Short Blades   | 1 2 3 4 5 |  5.9
Long Blades    | 1 2 3 4 5 |  5.9
Axes           | 1 2 3 4 5 |  5.9
Maces & Flails | 1 2 3 4 5 |  5.9
Staves         | 1 2 3 4 5 |  5.9
Slings         | 1 2 3 4 5 |  5.9
Bows           | 1 2 3 4 5 |  5.9
Crossbows      | 1 2 3 4 5 |  5.9
Stealth        | 1 2 3 4 5 |  5.9
Shields        | 1 2 3 4 5 |  5.9
Unarmed Combat | 1 2 3 4 5 |  5.9
Evocations     | 1 2 3 4 5 |  5.9
Conjurations   | 1 2 3 4 |  4.9
Hexes          | 1 2 3 4 |  4.9
Summonings     | 1 2 3 4 |  4.9
Necromancy     | 1 2 3 4 |  4.9
Transmutations | 1 2 3 4 |  4.9
Fire Magic     | 1 2 3 4 |  4.9
Ice Magic      | 1 2 3 4 |  4.9
Air Magic      | 1 2 3 4 |  4.9
Earth Magic    | 1 2 3 4 |  4.9
Poison Magic   | 1 2 3 4 |  4.9
Fighting       | 5 6 7 |  7.6
Polearms       | 5 6 7 |  7.6
Throwing       | 3 4 5 6 |  6.5
Armour         | 3 4 5 6 |  6.5
Dodging        | 5 6 7 |  7.6
Translocations | 6 7 |  7.4

Action                   |  1- 3 |  4- 6 |  7- 9 | 10-12 || total
-------------------------+-------+-------+-------+-------++-------
Melee: Spear             |    74 |       |   440 |   279 ||   793
       Bite              |     3 |     6 |    37 |    25 ||    71
       Trident           |    34 |   159 |     4 |       ||   197
Throw: Dart              |       |     2 |    33 |    15 ||    50
       Throwing net      |       |       |     3 |       ||     3
       Boomerang         |       |       |     1 |     1 ||     2
       Javelin           |       |       |       |     2 ||     2
 Cast: Gell's Gravitas   |       |       |    54 |    41 ||    95
       Blink             |       |       |     9 |     5 ||    14
       Portal Projectile |       |       |     8 |     4 ||    12
       Confusing Touch   |       |       |       |     2 ||     2
Invok: Foxfire Swarm     |     1 |     3 |     1 |     1 ||     6
       Fiery Armour      |     1 |       |     1 |       ||     2
Evoke: Wand              |       |       |     8 |     6 ||    14
  Use: Scroll            |       |       |     3 |     8 ||    11
       Potion            |       |       |     3 |       ||     3
 Stab: Sleeping          |     1 |     6 |     9 |     7 ||    23
       Invisible         |       |     2 |     4 |     1 ||     7
       Confused          |       |       |       |     5 ||     5
Armor: Leather armour    |    17 |    21 |     3 |       ||    41
       Robe              |       |       |    42 |       ||    42
       Troll leather arm |       |       |     3 |    40 ||    43
Dodge: Dodged            |    46 |    77 |   187 |   161 ||   471
Block: Buckler           |     4 |    47 |   189 |   131 ||   371
       Other             |     4 |       |       |       ||     4
       Reflection        |       |       |       |     8 ||     8

Table legend: (Time is in decaauts)
 A = Elapsed time spent in this place.
 B = Non-inter-level travel time spent in this place.
 C = Inter-level travel time spent in this place.
 D = Time resting spent in this place.
 E = Time spent auto-exploring this place.
 F = Levels seen in this place.
 G = Mean time per level.
                   A        B        C        D        E       F      G
               +--------+--------+--------+--------+--------+-----+--------+
         Total |  13578 |  12856 |    722 |   3516 |   7020 |  11 | 1234.4 |
       Dungeon |  13058 |  12336 |    722 |   3007 |   7020 |  10 | 1305.8 |
        Temple |    520 |    520 |      0 |    509 |      0 |   1 |  520.0 |
               +--------+--------+--------+--------+--------+-----+--------+

Top non-repeatable levels by time:
     D:6: 2023 daAuts
     D:5: 1653 daAuts
     D:4: 1481 daAuts
     D:2: 1283 daAuts
     D:1: 1270 daAuts
     D:3: 1209 daAuts
     D:7: 1193 daAuts
     D:8: 1114 daAuts
    D:10: 965 daAuts
     D:9: 863 daAuts
  Temple: 520 daAuts
